 Dungeon Crawl Stone Soup version 0.30-b1-2-g02819fbbbe (webtiles) character file.

Game seed: 795574192474379580

8396 ElMinstaer the Basher (level 11, 0/109 HPs)
             Began as a Troll Gladiator on May 20, 2023.
             Was an Elder of Trog.
             Slain by a vampire (6 damage)
             ... on level 11 of the Dungeon.
             The game lasted 00:31:01 (9587 turns).

ElMinstaer the Basher (Troll Gladiator)             Turns: 9587, Time: 00:31:02

Health: 0/109      AC:  9    Str: 28    XL:     11   Next: 9%
Magic:  10/10      EV: 11    Int:  4    God:    Trog [****..]
Gold:   369        SH:  0    Dex: 11    Spells: 10/10 levels left

rFire   + . .        y - +0 dire flail (protect)
rCold   . . .        (shield currently unavailable)
rNeg    . . .        Q - +0 robe {rF+}
rPois   +            c - +0 hat
rElec   .            G - +0 cloak
rCorr   .            (gloves unavailable)
SInv    .            (boots unavailable)
Will    .....        E - amulet of regeneration
Stlth   +            v - +4 ring of protection
HPRegen 1.98/turn    N - ring of poison resistance
MPRegen 0.12/turn

%: no passive effects
@: no status effects
A: large, unfitting armour, claws 3, regeneration 1, shaggy fur 1, tough skin 1
a: Renounce Religion, Berserk, Trog's Hand, Brothers in Arms


You were on level 11 of the Dungeon.
You worshipped Trog.
Trog was greatly pleased with you.
You visited 2 branches of the dungeon, and saw 12 of its levels.

You collected 369 gold pieces.

Inventory:

Hand Weapons
 p - the +7 whip "Tormentor" {heavy, rPois rN+ Will+ Str-3}
   (You found it on level 4 of the Dungeon)

   Str:       It affects your strength (-3).
   rPois:     It protects you from poison.
   rN:        It protects you from negative energy.
   Will:      It increases your willpower.
 s - a +0 giant spiked club
 x - a +0 giant club
 y - a +0 dire flail of protection (weapon)
 C - a +1 dire flail of freezing
Missiles
 d - 6 throwing nets
 e - a large rock
 m - 26 poisoned darts
 q - 8 boomerangs (quivered)
 P - a silver boomerang
Armour
 c - a +0 hat (worn)
 G - a +0 cloak (worn)
 Q - a +0 robe of fire resistance (worn)
Jewellery
 v - a +4 ring of protection (left claw)
 E - an amulet of regeneration (around neck)
 N - a ring of poison resistance (right claw)
Wands
 k - a wand of flame (2)
 I - a wand of light (5)
 M - a wand of polymorph (3)
Scrolls
 g - a scroll of poison {unknown}
 h - a scroll of fear {unknown}
 j - 6 scrolls of blinking
 o - 6 scrolls of teleportation
 r - a scroll of amnesia {unknown}
 t - 2 scrolls of noise {unknown}
 w - 2 scrolls of brand weapon {unknown}
 B - 3 scrolls of enchant weapon
 F - a scroll of acquirement {unknown}
 L - a scroll of enchant armour {unknown}
Potions
 a - a potion of degeneration {unknown}
 f - a potion of flight
 i - 5 potions of lignification
 l - 3 potions of haste
 n - 8 potions of curing
 u - a potion of might
 z - 2 potions of heal wounds {unknown}
 A - 2 potions of cancellation {unknown}
 D - 4 potions of mutation {unknown}
 K - a potion of attraction {unknown}
Miscellaneous
 H - a phial of floods
 J - a lightning rod (4/4)


   Skills:
 + Level 7.1 Fighting
 * Level 12.7 Maces & Flails
 - Level 1.7 Throwing
 * Level 6.0 Dodging


You had 10 spell levels left.
You didn't know any spells.
Your spell library contained the following spells:

 Spells                   Type           Power      Damage    Failure   Level
 Summon Small Mammal      Summ           0%         N/A       50%         1
 Cigotuvi's Dreadful Rot  Necr/Pois/Air  0%         N/A       65%         2
 Call Canine Familiar     Summ           0%         N/A       86%         3
 Ignite Poison            Fire/Tmut/Pois 0%         N/A       86%         3
 Summon Guardian Golem    Hex/Summ       0%         N/A       86%         3
 Volatile Blastmotes      Fire/Tloc      0%         2d10      86%         3
 Fulminant Prism          Conj/Hex       0%         3d5       99%         4
 Iskenderun's Mystic Bla  Conj/Tloc      0%         2d3       99%         4
 Freezing Cloud           Conj/Ice/Air   0%         6-21      100%        5
 Lee's Rapid Deconstruct  Erth           0%         3d4*      100%        5


Dungeon Overview and Level Annotations

Branches:
Dungeon (11/15)            Temple (1/1) D:5            Lair (0/5) D:9
    Orc (0/2) D:10

Altars:
Ashenzari
Cheibriados
Dithmenos
Elyvilon
Fedhas
Gozag
Hepliaklqana
Kikubaaqudgha
Makhleb
Nemelex Xobeh
Okawaru
Qazlal
Ru
Sif Muna
Trog
Uskayaw
Vehumet
Wu Jian
Xom
Yredelemnul
Zin
The Shining One

Annotations:
D:8 Need digging


Innate Abilities, Weirdness & Mutations

You are too large for most types of armour.
You have claws for hands.
Your natural rate of healing is unusually fast.
You are covered in fur. (AC +1)
You have tough skin. (AC +1)


Message History

You sock something! Something hits you.
* * * LOW HITPOINT WARNING * * *
Something bites you but does no damage.
You barely miss something. Something hits you.
* * * LOW HITPOINT WARNING * * *
Something bites you but does no damage.
Aiming: Throw Flame
Press: ? - help, Shift-Dir - straight line Something hits you but does no damage.
Something bites you!
* * * LOW HITPOINT WARNING * * *
Something draws strength from your injuries!
It was a potion of curing.
You feel better. Something hits you but does no damage.
Something bites you but does no damage.
Okay, then.
You fail to use your ability.
Something draws life force from you!
* * * LOW HITPOINT WARNING * * *
Your ogre goes berserk!
Something hits you but does no damage. Something bites you but does no damage.
You feel the effects of Trog's Hand fading.
There is an open door here.
Your ogre hits something with a +0 giant club!!
Something completely misses you. Something bites you but does no damage.
Your ogre barely misses something.
Something hits you!
* * * LOW HITPOINT WARNING * * *
Something bites you!
* * * LOW HITPOINT WARNING * * *
Something draws strength from your injuries!
Something hits you.
* * * LOW HITPOINT WARNING * * *
Something bites you but does no damage.
Your skin stops crawling.
You feel less strong-willed.
You open the door. Something draws life force from you!
* * * LOW HITPOINT WARNING * * *
Something hits you.
* * * LOW HITPOINT WARNING * * *
Something bites you but does no damage.
There is an open door here.
Something hits you.
You die...

#.......# #.#
#......# #.# #.#...##
#[#### ##'#####
.....# ##...## #
#.##.# ##.....##
#.##.##.# ##.......##
#.#.<...#
#.........###....##.#
+........O@.......#.#
#.........###....##.#
##.......## #.......#
##.....## #######.#
##...## #...# ##'##
#.### #.# #.# #.# #.#
####.##### #.#


You could see a friendly ogre (summoned, berserk).

Vanquished Creatures
  Maurice (D:9)
  A hornet (D:7)
  A wyvern (D:8)
  A vampire (D:10)
  14 yaks
  Grum (D:9)
  A steam dragon (D:8)
  An acid dragon (D:10)
  A water moccasin (D:6)
  2 black bears
  An ice beast (D:7)
  6 orc warriors
  5 centaurs
  2 ogres
  2 wolves (D:9)
  3 kobold brigands
  7 bullfrogs
  3 gnoll sergeants (D:9)
  5 scorpions
  11 wights
  7 killer bees
  7 howler monkeys
  A gnoll bouda (D:5)
  5 hounds
  3 jellies
  7 orc priests
  3 sleepcaps (D:6)
  An iguana (D:5)
  10 orc wizards
  17 gnolls
  9 adders
  2 white imps
  An ufetubus (D:5)
  A worm (D:4)
  67 orcs
  7 ball pythons
  2 bats
  7 endoplasms
  3 giant cockroaches (D:1)
  9 goblins
  7 hobgoblins
  3 quokkas (D:3)
  2 frilled lizards
  16 kobolds
  3 rats
269 creatures vanquished.

Vanquished Creatures (others)
  2 kobolds (D:8)
  27 fungi (D:9)
  19 plants (D:9)
48 creatures vanquished.

Grand Total: 317 creatures vanquished

Notes
Turn   | Place    | Note
-------+----------+-------------------------------------------
     0 | D:1      | ElMinstaer the Troll Gladiator began the quest for the Orb.
     0 | D:1      | Reached XP level 1. HP: 19/19 MP: 0/0
   106 | D:1      | Reached skill level 3 in Maces & Flails
   116 | D:1      | Reached XP level 2. HP: 28/28 MP: 1/1
   703 | D:1      | Reached XP level 3. HP: 35/35 MP: 2/2
  1942 | D:3      | Reached skill level 4 in Maces & Flails
  1946 | D:3      | Reached XP level 4. HP: 36/44 MP: 3/3
  2594 | D:4      | Identified the +7 whip "Tormentor" {heavy, rPois rN+ Will+
                  | Str-3}
  2616 | D:4      | Reached XP level 5. HP: 50/50 MP: 4/4
  2679 | D:4      | Reached skill level 5 in Maces & Flails
  2697 | D:4      | Found a stormy altar of Qazlal.
  2699 | D:4      | Found a shadowy altar of Dithmenos.
  3248 | D:5      | Entered Level 5 of the Dungeon
  3274 | D:5      | Reached XP level 6. HP: 50/61 MP: 5/5
  3427 | D:4      | Reached skill level 6 in Maces & Flails
  3468 | D:5      | Reached XP level 7. HP: 68/68 MP: 6/6
  3844 | D:5      | Found a staircase to the Ecumenical Temple.
  3906 | D:5      | Reached skill level 7 in Maces & Flails
  3971 | Temple   | Entered the Ecumenical Temple
  4272 | Temple   | Became a worshipper of Trog the Wrathful
  4607 | D:6      | Reached XP level 8. HP: 79/79 MP: 7/7
  4868 | D:6      | Reached skill level 5 in Fighting
  4868 | D:6      | Reached skill level 8 in Maces & Flails
  4919 | D:6      | Reached * piety under Trog
  5222 | D:7      | You fall into a shaft and drop 1 floor!
  5261 | D:8      | Reached skill level 9 in Maces & Flails
  5366 | D:8      | Reached XP level 9. HP: 89/89 MP: 8/8
  5403 | D:7      | Identified the +3 dagger "Ataoh" {freeze, rN+}
  5572 | D:7      | Reached skill level 10 in Maces & Flails
  5704 | D:7      | Reached skill level 11 in Maces & Flails
  6287 | D:8      | Reached ** piety under Trog
  6401 | D:8      | Found a shimmering altar of Xom.
  6411 | D:8      | Found a snail-covered altar of Cheibriados.
  6413 | D:8      | Found a hide-covered altar of Uskayaw.
  6742 | D:8      | Noticed a centaur warrior
  6743 | D:8      | Noticed a troll
  6973 | D:8      | Reached XP level 10. HP: 88/98 MP: 9/9
  7038 | D:8      | Reached skill level 12 in Maces & Flails
  7124 | D:9      | Noticed Maurice
  7264 | D:9      | Killed Maurice
  7422 | D:9      | Found a blossoming altar of Fedhas.
  7430 | D:9      | Identified the +7 trident of Gefounul {freeze, Will+ MP+9}
  7435 | D:9      | Reached *** piety under Trog
  7751 | D:9      | Found a staircase to the Lair.
  8162 | D:9      | Noticed Grum
  8188 | D:9      | Killed Grum
  8189 | D:9      | Reached skill level 5 in Dodging
  8422 | D:10     | Entered Level 10 of the Dungeon
  8422 | D:10     | Found a staircase to the Orcish Mines.
  8436 | D:10     | Reached **** piety under Trog
  8846 | D:10     | Reached XP level 11. HP: 109/109 MP: 10/10
  9587 | D:11     | Slain by a vampire

Illustrated notes

Levels and vault maps discovered:
D:1:      co_arrival_random_square_maze, layout_basic, st_stairs_9
D:2:      layout_basic
D:3:      layout_basic
D:4:      layout_gridville, mainiacjoe_overflow_catwalk_spiral,
          chequers_decorated_corner
D:5:      layout_rooms, minmay_temple_entry_junction, minmay_holes,
          kennysheep_opposing_triangles
D:6:      layout_loops_ring
D:7:      layout_basic
D:8:      layout_basic, minitemple, special_room [special_room_orc],
          lightli_corner_chamber
D:9:      minmay_octagon_keep, layout_loops_ring, fedhas_altar_2,
          grunt_lair_entry_orc_guard_hut, uniq_grum, uniq_maurice
D:10:     layout_basic, david_orc_3
D:11:     layout_loops_corners, serial_shops, shop, gammafunk_ghost_split,
          grunt_ministairs_6
Temple:   minmay_temple_bridge_d

Skill      XL: |  1  2  3  4  5  6  7  8  9 10 11 |
---------------+----------------------------------+-----
Maces & Flails | 3 4 5 6 7 9 11 12 | 12.7
Fighting       | 2 3 4 5 6 7 |  7.1
Dodging        | 5 6 |  6.0
Throwing       | |  1.7

Action                     |  1- 3 |  4- 6 |  7- 9 | 10-12 || total
---------------------------+-------+-------+-------+-------++-------
  Melee: Flail             |   142 |    48 |       |       ||   190
         Punch             |     2 |       |     5 |       ||     7
         Whip              |       |    63 |   320 |    75 ||   458
         Dire flail        |       |       |       |   336 ||   336
  Throw: Throwing net      |       |     1 |       |       ||     1
         Boomerang         |       |       |     2 |       ||     2
 Invoke: Berserk           |       |       |       |     3 ||     3
         Trog's Hand       |       |       |       |     1 ||     1
         Brothers in Arms  |       |       |       |     1 ||     1
  Evoke: Wand              |       |       |       |     1 ||     1
    Use: Scroll            |       |       |     8 |     1 ||     9
         Potion            |       |       |       |     2 ||     2
   Stab: Sleeping          |     4 |     3 |     1 |     1 ||     9
 Armour: Robe              |    44 |    32 |   108 |   211 ||   395
  Dodge: Dodged            |    66 |    57 |   153 |   199 ||   475
